 Dungeon Crawl Stone Soup version 0.30.1-11-g7821555f0a (webtiles) character file.

Game seed: 8365514932422413729

2221 Djon the Carver (level 9, -1/69 HPs)
             Began as a Human Gladiator on Jan 9, 2024.
             Was a Believer of Dithmenos.
             Slain by an orc warrior
             ... wielding a +0 dire flail
              (10 damage)
             ... on level 7 of the Dungeon on Jan 10, 2024.
             The game lasted 00:12:27 (5279 turns).

Djon the Carver (Human Gladiator)                   Turns: 5279, Time: 00:12:27

Health: -1/69      AC: 11    Str: 15    XL:     9   Next: 61%
Magic:  9/9        EV: 12    Int:  9    God:    Dithmenos [**....]
Gold:   169        SH:  0    Dex: 18    Spells: 8/8 levels left

rFire   . . .        a - +0 long sword
rCold   . . .        (no shield)
rNeg    . . .        p - +0 scale mail
rPois   .            c - +0 helmet
rElec   .            h - +0 cloak
rCorr   .            d - +0 pair of gloves
SInv    .            (no boots)
Will    .....        o - amulet of regeneration Stlth
                     (no ring)
HPRegen 1.11/turn    (no ring)
MPRegen 0.11/turn

%: no passive effects
@: wreathed by umbra
A: no striking features
a: Renounce Religion, Shadow Step


You were on level 7 of the Dungeon.
You worshipped Dithmenos.
Dithmenos was pleased with you.
You visited 1 branch of the dungeon, and saw 7 of its levels.

You collected 312 gold pieces.
You spent 143 gold pieces at shops.

Inventory:

Hand Weapons
 a - a +0 long sword (weapon)
 D - a +4 spectral quarterstaff
Missiles
 i - 2 poisoned darts
 y - a javelin (quivered)
Armour
 c - a +0 helmet (worn)
 d - a +0 pair of gloves (worn)
 h - a +0 cloak (worn)
 p - a +0 scale mail (worn)
Jewellery
 o - an amulet of regeneration (around neck)
 A - a +6 ring of strength
Wands
 e - a wand of flame (3)
 C - a wand of polymorph (13)
Scrolls
 b - 2 scrolls of teleportation
 f - 4 scrolls of identify {unknown}
 g - 2 scrolls of blinking {unknown}
 n - a scroll of amnesia {unknown}
 q - a scroll of brand weapon {unknown}
 s - a scroll of silence {unknown}
 v - a scroll of fear {unknown}
 w - 4 scrolls of fog {unknown}
 x - 2 scrolls of immolation {unknown}
Potions
 j - 2 potions of might {unknown}
 k - 2 potions of mutation {unknown}
 l - 2 potions of degeneration {unknown}
 m - 3 potions of brilliance {unknown}
 r - a potion of ambrosia {unknown}
 t - 2 potions of curing {unknown}
 u - a potion of berserk rage {unknown}
 z - a potion of heal wounds
 B - a potion of cancellation {unknown}


   Skills:
 + Level 5.7 Fighting
 * Level 8.3 Long Blades
 - Level 2.0 Throwing
 + Level 5.2 Armour
 + Level 6.2 Dodging


You had 8 spell levels left.
You didn't know any spells.
Your spell library contained the following spells:

 Spells                   Type           Power      Damage    Failure   Level
 Apportation              Tloc           0%         N/A       82%         1
 Necrotise                Necr           0%         1d4       82%         1
 Sandblast                Erth           0%         2d4       82%         1
 Summon Small Mammal      Summ           0%         N/A       82%         1
 Passwall                 Tmut/Erth      0%         N/A       91%         2
 Stone Arrow              Conj/Erth      0%         3d7       99%         3
 Olgreb's Toxic Radiance  Pois           0%         N/A       100%        4
 Discord                  Hex            0%         N/A       100%        8
 Ignition                 Fire           0%         3d3       100%        8


Dungeon Overview and Level Annotations

Branches:
Dungeon (7/15)             Temple (0/1) D:4

Altars:
Ashenzari
Dithmenos
Nemelex Xobeh
Vehumet
Xom

Shops:
D:5 !

Annotations:
D:4 1 transporter


Message History

The orc warrior attacks as you move away!
The orc warrior hits you but does no damage.
The orc warrior attacks as you move away!
The orc warrior barely misses you.
You hit the orc warrior but do no damage.
The orc warrior hits you with a +0 dire flail!
You slash the orc warrior!
The orc warrior is moderately wounded.
The orc warrior closely misses you.
You closely miss the orc warrior.
The orc warrior is moderately wounded.
The orc warrior hits you with a +0 dire flail!
You hit the orc warrior but do no damage.
The orc warrior is moderately wounded.
The orc warrior hits you with a +0 dire flail.
You slash the orc warrior!
The orc warrior is heavily wounded.
The orc warrior hits you with a +0 dire flail!
* * * LOW HITPOINT WARNING * * *
You closely miss the orc warrior.
The orc warrior is heavily wounded.
The orc warrior barely misses you.
You slash the orc warrior!
The orc warrior is severely wounded.
The orc warrior hits you with a +0 dire flail.
* * * LOW HITPOINT WARNING * * *
You hit the orc warrior.
The orc warrior is almost dead.
The orc warrior barely misses you.
You closely miss the orc warrior.
The orc warrior is almost dead.
The orc warrior hits you with a +0 dire flail.
* * * LOW HITPOINT WARNING * * *
You hit the orc warrior.
The orc warrior is almost dead.
The orc warrior closely misses you.
You hit the orc warrior but do no damage.
The orc warrior is almost dead.
The orc warrior hits you with a +0 dire flail!
You die...

♣ ~. ~..##
P..(.#####################
.............Sho@........#
##...##################..#
#... #.......#.## ...[.
#.......#.# ##...
#.........# ###### #...
#.......).####..... #...
########.)......... ##.#
#####.##........
#........##.....


You could see an orc warrior, a water moccasin and a hound.

Vanquished Creatures
  A two-headed ogre (D:6)
  A water moccasin (D:6)
  Duvessa (D:6)
  2 ice beasts (D:6)
  A black bear (D:6)
  4 ogres
  A phantom (D:5)
  A scorpion (D:5)
  Dowan (D:6)
  2 jellies
  5 hounds
  3 iguanas
  3 sleepcaps
  Natasha (thrice) (D:3)
  An orc wizard (D:7)
  4 gnolls (D:5)
  6 adders
  A shadow imp (D:6)
  2 white imps
  An ufetubus (D:5)
  A worm (D:5)
  4 dart slugs
  4 orcs
  6 ball pythons
  2 bats (D:2)
  4 endoplasms
  3 giant cockroaches
  7 goblins
  2 hobgoblins
  4 kobolds
  3 quokkas
  8 rats
92 creatures vanquished.

Notes
Turn   | Place    | Note
-------+----------+-------------------------------------------
     0 | D:1      | Djon the Human Gladiator began the quest for the Orb.
     0 | D:1      | Reached XP level 1. HP: 16/16 MP: 1/1
     1 | D:1      | Noticed an electric eel
    47 | D:1      | Reached XP level 2. HP: 20/22 MP: 2/2
   679 | D:2      | Reached XP level 3. HP: 27/27 MP: 3/3
   716 | D:2      | Reached skill level 1 in Armour
  1061 | D:2      | Reached XP level 4. HP: 34/34 MP: 4/4
  1634 | D:3      | Reached skill level 4 in Long Blades
  1780 | D:3      | Noticed Natasha
  1792 | D:3      | Killed Natasha
  1793 | D:3      | Reached XP level 5. HP: 32/40 MP: 5/5
  1956 | D:3      | Found a radiant altar of Vehumet.
  1956 | D:3      | Found a shimmering altar of Xom.
  1957 | D:3      | Found a shadowy altar of Dithmenos.
  1969 | D:3      | Became a worshipper of Dithmenos the Shadowed
  2044 | D:3      | Noticed Natasha
  2051 | D:3      | Killed Natasha
  2069 | D:3      | Noticed Natasha
  2082 | D:3      | Killed Natasha
  2098 | D:4      | Noticed an ogre
  2109 | D:4      | Killed an ogre
  2110 | D:4      | Reached XP level 6. HP: 14/47 MP: 6/6
  2231 | D:4      | Found a sparkling altar of Nemelex Xobeh.
  2231 | D:4      | Found a transporter.
  2231 | D:4      | Noticed a steam dragon
  2253 | D:4      | Noticed an ogre
  2265 | D:4      | Killed an ogre
  2266 | D:4      | Reached skill level 5 in Long Blades
  2273 | D:4      | Reached XP level 7. HP: 36/52 MP: 7/7
  2319 | D:4      | Found a staircase to the Ecumenical Temple.
  2679 | D:5      | Entered Level 5 of the Dungeon
  2955 | D:5      | Reached * piety under Dithmenos
  3060 | D:5      | Reached skill level 6 in Long Blades
  3060 | D:5      | Reached XP level 8. HP: 52/60 MP: 8/8
  3160 | D:5      | Found Owesott's Distillery.
  3163 | D:5      | Bought a potion of heal wounds for 55 gold pieces
  3163 | D:5      | Bought a potion of heal wounds for 55 gold pieces
  3163 | D:5      | Bought a potion of lignification for 33 gold pieces
  3321 | D:5      | Found a broken altar of Ashenzari.
  4147 | D:6      | Noticed Duvessa
  4150 | D:6      | Noticed Dowan
  4165 | D:6      | Killed Duvessa
  4166 | D:6      | Reached skill level 5 in Dodging
  4172 | D:6      | Killed Dowan
  4317 | D:6      | Noticed a two-headed ogre
  4514 | D:6      | Reached skill level 7 in Long Blades
  4628 | D:6      | Killed a two-headed ogre
  4629 | D:6      | Reached skill level 5 in Fighting
  4629 | D:6      | Reached XP level 9. HP: 44/68 MP: 9/9
  5056 | D:6      | Reached skill level 8 in Long Blades
  5056 | D:6      | Reached skill level 5 in Armour
  5182 | D:7      | Reached ** piety under Dithmenos
  5279 | D:7      | Slain by an orc warrior

Illustrated notes

Levels and vault maps discovered:
D:1:      arrival_aquarium_a, layout_basic
D:2:      wad_lake_hut, layout_loops_ring, kennysheep_generic_room_3
D:3:      layout_basic, gammafunk_temple_overflow_claw,
          chequers_serial_rivers_micro_d, uniq_natasha
D:4:      layout_rooms, grunt_nemelex_the_gamble,
          minmay_temple_entry_gardened_gates, st_stairs_2
D:5:      layout_layer_cave, cheibrodos_ashenzari_chains, serial_shops,
          nicolae_shop_real_fake_doors
D:6:      layout_loops_corners, uniq_duvessa
D:7:      lemuel_ratsnest, layout_rooms, serial_bayou_pond_b,
          minmay_misc_feat_ornament

Skill      XL: |  1  2  3  4  5  6  7  8  9 |
---------------+----------------------------+-----
Armour         | 1 2 3 4 5 |  5.2
Long Blades    | 4 5 6 7 8 |  8.3
Fighting       | 3 4 5 |  5.7
Dodging        | 4 5 6 |  6.2
Throwing       | |  2.0

Action                     |  1- 3 |  4- 6 |  7- 9 || total
---------------------------+-------+-------+-------++-------
  Melee: Long sword        |    70 |    95 |   326 ||   491
         Punch             |     1 |     2 |     5 ||     8
  Throw: Throwing net      |       |     1 |     2 ||     3
         Dart              |       |       |     4 ||     4
         Javelin           |       |       |     1 ||     1
  Evoke: Wand              |       |       |     4 ||     4
    Use: Scroll            |       |       |     2 ||     2
         Potion            |       |       |     2 ||     2
 Armour: Leather armour    |     2 |       |       ||     2
         Ring mail         |     7 |       |       ||     7
         Scale mail        |    29 |    34 |   172 ||   235
         Skin              |       |       |    12 ||    12
  Dodge: Dodged            |    59 |    43 |   247 ||   349
